 Dungeon Crawl Stone Soup version 0.27.1 (webtiles) character file.

Game seed: 12825070329929381917

35 chaosape the Magician (level 3, 0/25 HPs)
             Began as a Gnoll Wanderer on Aug 22, 2021.
             Was a Believer of Hepliaklqana.
             Killed from afar by Sigmund (3 damage)
             ... with a magic dart
             ... on level 2 of the Dungeon.
             The game lasted 00:11:04 (1577 turns).

chaosape the Magician (Gnoll Wanderer)              Turns: 1577, Time: 00:11:04

Health: 0/25       AC:  9    Str: 11    XL:     3   Next: 35%
Magic:  9/9        EV:  8    Int:  9    God:    Hepliaklqana [**....]
Gold:   37         SH:  0    Dex: 14    Spells: 11/12 levels left

rFire    . . .     SeeInvis .   d - +0 short sword
rCold    . . .     Faith    .   (no shield)
rNeg     . . .     Spirit   .   c - +2 scale mail
rPois    .         Reflect  .   (no helmet)
rElec    .         Harm     .   (no cloak)
rCorr    .         Rampage  .   (no gloves)
Will     .....                  (no boots)
Stlth    +.........             (no amulet)
HPRegen  0.08/turn              (no ring)
MPRegen  0.11/turn              (no ring)

@: no status effects
A: reduced essence, fangs 1, strong nose, distributed training
a: Renounce Religion, Ancestor Life: Knight, Ancestor Life: Battlemage, Ancestor
Life: Hexer, Recall Ancestor, Ancestor Identity


You were on level 2 of the Dungeon.
You worshipped Hepliaklqana.
Hepliaklqana was pleased with you.
You visited 1 branch of the dungeon, and saw 2 of its levels.

You collected 37 gold pieces.

Inventory:

Hand Weapons
 a - a +0 dagger
 d - a +0 short sword (weapon)
 e - a +0 short sword
 g - a +0 dagger
 j - a +0 dagger
 l - a +0 dagger
 p - a +0 club
 s - a +0 hand axe
 t - a +0 short sword
 u - a +0 dagger
Missiles
 f - 40 stones
 i - 51 arrows
 o - 25 sling bullets
 r - a throwing net
Armour
 c - a +2 scale mail (worn)
 h - a +0 chain mail
 m - a +0 ring mail
 q - a +0 leather armour
Scrolls
 k - a scroll of identify
Potions
 b - a potion of magic
 n - a potion of attraction


   Skills:
 + Level 2.6 Fighting
 + Level 0.7 Short Blades
 + Level 0.7 Long Blades
 + Level 0.7 Axes
 + Level 0.7 Maces & Flails
 + Level 0.7 Polearms
 + Level 0.7 Staves
 + Level 0.7 Slings
 + Level 0.7 Bows
 + Level 0.7 Crossbows
 + Level 0.7 Throwing
 + Level 4.5 Armour
 + Level 0.7 Dodging
 + Level 2.3 Stealth
 + Level 0.7 Shields
 + Level 0.7 Unarmed Combat
 + Level 5.0 Spellcasting
 + Level 0.5 Conjurations
 + Level 0.5 Hexes
 + Level 0.5 Summonings
 + Level 0.5 Necromancy
 + Level 0.5 Translocations
 + Level 0.5 Transmutations
 + Level 2.1 Fire Magic
 + Level 0.5 Ice Magic
 + Level 0.5 Air Magic
 + Level 0.5 Earth Magic
 + Level 3.7 Poison Magic
 + Level 0.9 Invocations
 + Level 2.6 Evocations


You had 11 spell levels left.
You knew the following spells:

 Your Spells              Type           Power      Damage    Failure   Level
a - Foxfire               Conj/Fire      16%        2x1d4     58%         1

Your spell library contained the following spells:

 Spells                   Type           Power      Damage    Failure   Level
 Ignite Poison            Fire/Tmut/Pois 6%         N/A       85%         3


Dungeon Overview and Level Annotations

Branches:
Dungeon (2/15)

Altars:
Hepliaklqana

Annotations:
D:2 Sigmund


Innate Abilities, Weirdness & Mutations

Your life essence is reduced to manifest your ancestor. (-10% HP)
You have very sharp teeth.
Your uncanny sense of smell can sniff out nearby items.
Your experience applies equally to all skills.


Message History

Something tries to affect you, but you resist.
You see here a lumpy brown potion.
As you read the scroll of identify, it crumbles to dust. a potion of magic A magic dart appears from out of thin air!
The magic dart hits you but does no damage.
Casting: Foxfire (safe; 58% risk of failure)
Confirm with . or Enter, or press ? or * to list all spells.
You miscast Foxfire.
You are very lightly contaminated with residual magic.
Nothing appears to happen.
Something hits you but does no damage.
You see here a potion of magic.
b - a potion of magic Something hits you!
* * * LOW HITPOINT WARNING * * *
Something burns you.
* * * LOW HITPOINT WARNING * * *
You may now remember your ancestor's life.
Okay, then.
Your magical contamination has completely faded away.
Vusi emerges from the mists of memory!
Sigmund appears from thin air!
Reactivating autopickup.
Sigmund screams, "Die, monster!"
A hobgoblin comes into view.
The hobgoblin shouts!
You swap places.
Sigmund points at you and mumbles some strange words.
Vusi appears confused.
Something hits Sigmund.
Sigmund points at you and mumbles some strange words.
The magic dart hits you but does no damage.
Casting: Foxfire (safe; 58% risk of failure)
Confirm with . or Enter, or press ? or * to list all spells.
Okay, then.
Sigmund gestures at you while chanting.
The magic dart hits you but does no damage.
Sigmund points at you and mumbles some strange words.
The magic dart hits you.
You die...

#r#.# #.#.# #@#.# #.#.# #.#.#
#.#.# #.#.# #.#.# #r#.#######
##.#.# #.@#......###....#
###....รท.........#
#.####..###.###...## #......@#
#.# ##.## #######.###.# #.#
#....#.....# ######..##.######
##..........#
#####...#....#####
#####................#########
##.....###...#....###.#.......#
#.<.#######.###.#.###.#.......#


You could see Sigmund and a rat.

Vanquished Creatures
  An adder (D:2)
  A dart slug (D:1)
  2 endoplasms
  2 goblins (D:1)
  2 hobgoblins (D:1)
  3 jackals (D:2)
  A bat (D:1)
  A frilled lizard (D:1)
  2 kobolds (D:1)
  A rat (D:2)
16 creatures vanquished.

Vanquished Creatures (collateral kills)
  A goblin (D:2)
  A jackal (D:2)
  A kobold (D:2)
  2 ball pythons (D:2)
  2 rats (D:2)
7 creatures vanquished.

Vanquished Creatures (others)
  2 ancestors (D:2)
  4 foxfires (D:2)
6 creatures vanquished.

Grand Total: 29 creatures vanquished

Notes
Turn   | Place    | Note
-------+----------+-------------------------------------------
     0 | D:1      | chaosape the Gnoll Wanderer began the quest for the Orb.
     0 | D:1      | chaosape set off with the following items: a +0 dagger, a
                  | potion of curing, a +2 scale mail; and the following spell
                  | memorised: Foxfire; and the following spells available to
                  | memorise: Ignite Poison
     0 | D:1      | Reached XP level 1. HP: 17/17 MP: 6/6
   379 | D:1      | Reached XP level 2. HP: 17/23 MP: 7/7
   486 | D:1      | Found a faded altar of an unknown god.
   511 | D:1      | Became a worshipper of Hepliaklqana the Forgotten
   511 | D:1      | Reached * piety under Hepliaklqana
  1352 | D:2      | Reached XP level 3. HP: 16/25 MP: 9/9
  1389 | D:2      | Reached skill level 5 in Spellcasting
  1509 | D:2      | Noticed Sigmund
  1558 | D:2      | Reached ** piety under Hepliaklqana
  1577 | D:2      | Killed from afar by Sigmund

Illustrated notes

Levels and vault maps discovered:
D:1:      minmay_arrival_stone_box, layout_loops_ring,
          hellmonk_ecumenical_altar_arch_garden
D:2:      layout_loops_ring, uniq_sigmund

Skill      XL: |  1  2  3 |
---------------+----------+-----
Fire Magic     | 2 |  2.1
Spellcasting   | 5 |  5.0
Fighting       | |  2.6
Short Blades   | |  0.7
Long Blades    | |  0.7
Axes           | |  0.7
Maces & Flails | |  0.7
Polearms       | |  0.7
Staves         | |  0.7
Slings         | |  0.7
Bows           | |  0.7
Crossbows      | |  0.7
Throwing       | |  0.7
Armour         | |  4.5
Dodging        | |  0.7
Stealth        | |  2.3
Shields        | |  0.7
Unarmed Combat | |  0.7
Conjurations   | |  0.5
Hexes          | |  0.5
Summonings     | |  0.5
Necromancy     | |  0.5
Translocations | |  0.5
Transmutations | |  0.5
Ice Magic      | |  0.5
Air Magic      | |  0.5
Earth Magic    | |  0.5
Poison Magic   | |  3.7
Invocations    | |  0.9
Evocations     | |  2.6

Action                   || total
-------------------------++-------
Melee: Dagger            ||    62
       Bite              ||     8
       Short sword       ||    27
 Cast: Foxfire           ||     3
  Use: Scroll            ||     3
       Potion            ||     1
 Stab: Distracted        ||     1
Armor: Scale mail        ||    66
Dodge: Dodged            ||    30
